 Dungeon Crawl Stone Soup version 0.31.0-1-g2c135a0 (webtiles) character file.

Game seed: 12904013262718865146

2554 GilimanWane the Trooper (level 9, -21/81 HPs)
             Began as a Purple Draconian Conjurer on Feb 27, 2024.
             Was a Priest of Vehumet.
             Demolished by a two-headed ogre
             ... wielding a +0 giant spiked club
              (28 damage)
             ... on level 6 of the Dungeon.
             The game lasted 01:41:47 (11242 turns).

GilimanWane the Trooper (DrCj)                     Turns: 11242, Time: 01:41:48

Health: -21/81     AC:  8    Str: 10    XL:     9   Next: 31%
Magic:  9/19       EV: 11    Int: 23    God:    Vehumet [***...]
Gold:   220        SH:  7    Dex:  9    Spells: 8/21 levels left

rFire   . . .        i - +1 spear (flame)
rCold   . . .        d - +3 warlock's mirror {omnireflect}
rNeg    . . .        (body armour unavailable)
rPois   .            (helmet restricted)
rElec   .            e - +0 cloak
rCorr   .            (no gloves)
SInv    +            (no boots)
Will    ++...        (no amulet)
Stlth   ++           k - ring of willpower
HPRegen 0.33/turn    t - ring of see invisible
MPRegen 0.16/turn

%: reflection
@: no status effects
A: breathe power, AC +7, unfitting armour, cold-blooded
a: Breathe Dispelling Energy, Renounce Religion


You were on level 6 of the Dungeon.
You worshipped Vehumet.
Vehumet was most pleased with you.
You visited 2 branches of the dungeon, and saw 7 of its levels.
You also visited: Sewer.

You collected 220 gold pieces.

Inventory:

Hand Weapons
 f - a +1 short sword of electrocution
 i - a +1 spear of flaming (weapon)
 j - a +0 scythe
 r - a +2 dire flail of protection
Armour
 d - the +3 warlock's mirror (worn) {omnireflect}
   (You acquired it on level 2 of the Dungeon)

   Omnireflect: It can block and reflect piercing ranged attacks and magical
   attacks against the wielder's willpower.
 e - a +0 cloak (worn)
Jewellery
 k - a ring of willpower (left hand)
 t - a ring of see invisible (right hand)
 v - a ring of ice
 y - a ring of flight
 B - a ring of see invisible
Talismans
 p - a maw talisman
Wands
 o - a wand of flame (1)
 w - a wand of polymorph (14)
 z - a wand of roots (8)
Scrolls
 m - 3 scrolls of teleportation
 s - a scroll of fog
 C - a scroll of amnesia
Potions
 a - a potion of magic
 b - 2 potions of might
 c - a potion of lignification
 g - 2 potions of enlightenment
 h - a potion of berserk rage
 l - a potion of cancellation
 n - a potion of mutation
 q - a potion of curing {unknown}
 u - a potion of invisibility {unknown}
 x - 3 potions of ambrosia {unknown}
 A - a potion of resistance {unknown}


   Skills:
 * Level 7.8 Fighting
 - Level 1.7 Dodging
 - Level 1.7 Stealth
 + Level 4.7 Shields
 + Level 6.8 Spellcasting
 + Level 7.0 Conjurations
 + Level 3.8 Alchemy


You had 8 spell levels left.
You knew the following spells:

 Your Spells              Type           Power      Damage    Failure   Level
a - Magic Dart            Conj           100%       1d8       1%          1
b - Stone Arrow           Conj/Erth      48%        3d10      2%          3
c - Jinxbite              Hex            14%        N/A       17%         2
d - Fulminant Prism       Conj/Alch      16%        3d10      3%          4
e - Freeze                Ice            28%        1d5       3%          1
f - Momentum Strike       Conj/Tloc      48%        3d9       1%          2

Your spell library contained the following spells:

 Spells                   Type           Power      Damage    Failure   Level
 Sting                    Conj/Alch      100%       1d9       1%          1
 Searing Ray              Conj           80%        2d7       1%          2
 Mercury Vapours          Alch/Air       32%        N/A       2%          2
 Sandblast                Erth           14%        2d6       3%          1
 Olgreb's Toxic Radiance  Alch           25%        N/A       6%          4
 Brom's Barrelling Bould  Conj/Erth      24%        2d5       7%          4
 Iskenderun's Mystic Bla  Conj/Tloc      24%        2d7       7%          4
 Apportation              Tloc           14%        N/A       11%         1
 Ignite Poison            Fire/Alch      16%        N/A       13%         4
 Sticky Flame             Fire/Alch      16%        2d5       13%         4
 Passwall                 Erth           7%         N/A       32%         3
 Alistair's Intoxication  Alch           16%        N/A       54%         5
 Ignition                 Fire           3%         3d4       100%        8


Dungeon Overview and Level Annotations

Branches:
Dungeon (6/15)             Temple (1/1) D:4           Sewer (visited)

Altars:
Ashenzari
Cheibriados
Dithmenos
Elyvilon
Fedhas
Gozag
Hepliaklqana
Kikubaaqudgha
Makhleb
Nemelex Xobeh
Okawaru
Qazlal
Ru
Sif Muna
Trog
Uskayaw
Vehumet
Wu Jian
Xom
Yredelemnul
Zin


Innate Abilities, Weirdness & Mutations

You can breathe bolts of dispelling energy.
Your rich purple scales are hard. (AC +7)
You cannot fit into any form of body armour.
You are cold-blooded and may be slowed by cold attacks.


Message History

The two-headed ogre is moderately wounded.
The two-headed ogre hits your fulminant prism with a +0 giant spiked club!!
Your fulminant prism detonates feebly.
Casting: Magic Dart (safe; 1% risk of failure)
Confirm with . or Enter, or press ? or * to list all spells.
Aiming: Magic Dart (safe; 1% risk of failure)
Press: ? - help, Shift-Dir - straight line, f/p - two-headed ogre
Aim: a two-headed ogre, wielding two +0 giant spiked clubs (moderately wounded, 100% to hit)
The magic dart hits the two-headed ogre but does no damage.
The two-headed ogre is moderately wounded.
There is a stone staircase leading up here.
An adder comes into view.
The adder hisses angrily.
The adder attacks as it pursues you! You block the adder's attack.
There is a stone staircase leading up here.
You miss the adder.
Your tail-slap misses the adder.
The adder bites you but does no damage. The adder bites you.
You hit the adder. You burn the adder.
The adder is moderately wounded.
You block the adder's attack.
Found 11 gold pieces.
Found a stone staircase leading up.
The two-headed ogre attacks as it pursues you!
You block the two-headed ogre's attack.
The two-headed ogre hits you with a +0 giant spiked club!
The two-headed ogre attacks as it pursues you!
The two-headed ogre hits you with a +0 giant spiked club!
You block the two-headed ogre's attack.
Found 7 stones.
The two-headed ogre attacks as it pursues you!
The two-headed ogre closely misses you. You block the two-headed ogre's attack.
The two-headed ogre attacks as it pursues you!
The two-headed ogre hits you with a +0 giant spiked club!! x2
* * * LOW HITPOINT WARNING * * *
The two-headed ogre attacks as it pursues you!
The two-headed ogre hits you with a +0 giant spiked club!
* * * LOW HITPOINT WARNING * * *
The two-headed ogre closely misses you.
The two-headed ogre attacks as it pursues you!
The two-headed ogre hits you with a +0 giant spiked club!!
You die...

........###.####.##..
...###..##..# .##.####..
....###.....# ......(
##...####.#.### ##..#### #
##...........# #......#.#
#.####......####S#.##..$#
#.####..#....#...#.##.##..
#..>##........O###......<.
#####...........@.....####..
<...............<.#####
..###.....#...##..# ..#
#.........###.# ..#
####..#..## #... ..#
##...... ..... ###
##...........# #.#.........#
.............


You could see a two-headed ogre and an adder.

Vanquished Creatures
  Sigmund (D:2)
  Edmund (D:5)
  A sky beast (D:6)
  A water moccasin (D:5)
  2 ice beasts
  A black bear (D:5)
  An ogre (D:5)
  2 centaurs
  4 kobold brigands
  4 phantoms (D:5)
  A gnoll sergeant (D:5)
  A scorpion (D:4)
  A crimson imp (D:3)
  A bullfrog zombie (D:5)
  4 bombardier beetles
  A centaur zombie (D:5)
  A jelly (D:6)
  2 orc priests
  A gnoll bouda (D:5)
  A scorpion zombie (D:5)
  A sleepcap (D:6)
  3 iguanas
  An orc wizard (D:5)
  A hound zombie (D:5)
  2 howler monkey zombies (D:5)
  Robin (D:2)
  8 gnolls (D:5)
  19 adders
  A river rat (Sewer)
  2 ufetubi (D:5)
  2 dart slugs (D:1)
  4 ribbon worms
  9 orcs
  11 endoplasms
  7 giant cockroaches
  10 hobgoblins
  17 kobolds
  2 quokkas
  8 ball pythons
  10 bats
  3 frilled lizards (D:1)
  19 goblins
  12 rats
185 creatures vanquished.

Vanquished Creatures (others)
  A kobold (D:4)
  9 fulminant prisms
10 creatures vanquished.

Grand Total: 195 creatures vanquished

Notes
Turn   | Place    | Note
-------+----------+-------------------------------------------
     0 | D:1      | GilimanWane the Draconian Conjurer began the quest for the
                  | Orb.
     0 | D:1      | Reached XP level 1. HP: 14/14 MP: 3/3
   459 | D:1      | Reached skill level 1 in Fighting
   459 | D:1      | Reached XP level 2. HP: 23/23 MP: 0/5
  1248 | D:1      | Reached XP level 3. HP: 28/28 MP: 3/6
  1741 | D:2      | Learned a level 3 spell: Stone Arrow
  1912 | D:2      | Noticed Sigmund
  1948 | D:2      | HP: 1/29 [something/magic dart (7)]
  1995 | D:2      | Killed Sigmund
  1996 | D:2      | Reached skill level 5 in Conjurations
  1996 | D:2      | Reached XP level 4. HP: 16/38 MP: 1/9
  1996 | D:2      | Reached XP level 5. HP: 19/45 MP: 1/10
  2221 | D:2      | Identified a scroll of acquirement
  2221 | D:2      | Acquired the +3 warlock's mirror {omnireflect}
  2221 | D:2      | Found the +3 warlock's mirror {omnireflect}
  2880 | D:2      | Noticed Robin
  2924 | D:2      | Killed Robin
  3845 | D:3      | Reached XP level 6. HP: 51/51 MP: 1/11
  4144 | D:3      | Reached skill level 1 in Shields
  4263 | D:3      | Found a radiant altar of Vehumet.
  4263 | D:3      | Found a burning altar of Makhleb.
  4282 | D:3      | Became a worshipper of Vehumet
  4811 | D:3      | Learned a level 2 spell: Jinxbite
  5220 | D:4      | Found a glowing drain.
  5256 | D:4      | Found a staircase to the Ecumenical Temple.
  5267 | D:4      | Your scales start taking on a rich purple colour.
  5267 | D:4      | Reached skill level 5 in Spellcasting
  5267 | D:4      | Reached XP level 7. HP: 59/59 MP: 1/14
  5269 | Sewer    | Entered a sewer
  5745 | Sewer    | Reached * piety under Vehumet
  5745 | Sewer    | Offered knowledge of Sting by Vehumet.
  5845 | Sewer    | Learned a level 4 spell: Fulminant Prism
  6626 | Sewer    | Reached skill level 1 in Alchemy
  7680 | D:4      | Reached skill level 5 in Fighting
  8547 | Temple   | Entered the Ecumenical Temple
  8790 | D:5      | Entered Level 5 of the Dungeon
  8796 | D:5      | Reached XP level 8. HP: 69/69 MP: 8/16
  8862 | D:5      | Offered knowledge of Freeze by Vehumet.
  8865 | D:5      | Learned a level 1 spell: Freeze
  8900 | D:5      | Reached ** piety under Vehumet
  9765 | D:5      | Found a basalt altar of Yredelemnul.
  9956 | D:5      | Noticed Edmund
 10027 | D:5      | Killed Edmund
 10295 | D:5      | Reached XP level 9. HP: 79/79 MP: 10/18
 10659 | D:5      | Offered knowledge of Momentum Strike by Vehumet.
 10663 | D:5      | Learned a level 2 spell: Momentum Strike
 11079 | D:6      | Reached *** piety under Vehumet
 11189 | D:6      | Noticed a two-headed ogre
 11242 | D:6      | Demolished by a two-headed ogre

Illustrated notes

Levels and vault maps discovered:
D:1:      lemuel_arrival_rhombus, layout_basic
D:2:      layout_loops_corners, uniq_robin, uniq_sigmund
D:3:      layout_basic, grunt_temple_overflow_lords_of_destruction,
          chequers_decorated_corner
D:4:      layout_rooms, temple_fountains, gup_sewer_entry_glass
D:5:      layout_basic, nicolae_yredelemnul_corpse_copse, grunt_tough_drop,
          uniq_edmund
D:6:      layout_rooms, nicolae_tricolors
Temple:   mainiacjoe_temple_coin_purse

Skill      XL: |  1  2  3  4  5  6  7  8  9 |
---------------+----------------------------+-----
Fighting       | 1 3 4 5 7 |  7.8
Spellcasting   | 3 5 6 |  6.8
Conjurations   | 5 6 7 |  7.0
Shields        | 2 3 4 |  4.7
Alchemy        | 1 3 |  3.8
Dodging        | |  1.7
Stealth        | |  1.7

Action                     |  1- 3 |  4- 6 |  7- 9 || total
---------------------------+-------+-------+-------++-------
  Melee: Unarmed           |     5 |       |       ||     5
         Whip              |     2 |       |       ||     2
         Dagger            |    13 |       |       ||    13
         Tailslap          |     2 |     2 |    13 ||    17
         Short sword       |       |    18 |       ||    18
         Spear             |       |    21 |    65 ||    86
   Cast: Magic Dart        |    80 |    91 |   212 ||   383
         Stone Arrow       |     2 |     7 |    48 ||    57
         Jinxbite          |       |       |     1 ||     1
         Fulminant Prism   |       |       |     9 ||     9
         Momentum Strike   |       |       |     1 ||     1
    Use: Scroll            |       |     9 |    12 ||    21
 Armour: Skin              |    33 |    38 |   107 ||   178
  Dodge: Dodged            |    23 |    42 |    69 ||   134
  Block: Buckler           |       |    34 |    64 ||    98
         Reflection        |       |     3 |    11 ||    14
